 Dungeon Crawl Stone Soup version 0.27-a0-417-g317cea8a3c (webtiles) character file.

Game seed: 7704716734146441785

24 mandarbmax the Chiller (level 2, -1/19 HPs)
             Began as a Demonspawn Ice Elementalist on Feb 26, 2021.
             Slain by a gnoll
             ... wielding a +0 spear
              (3 damage)
             ... on level 2 of the Dungeon.
             The game lasted 00:02:21 (1135 turns).

mandarbmax the Chiller (DsIE)                       Turns: 1135, Time: 00:02:22

Health: -1/19      AC:  5    Str:  8    XL:     2   Next: 79%
Magic:  4/5        EV: 10    Int: 16    God:
Gold:   85         SH:  0    Dex: 15    Spells: 4/5 levels left

rFire    . . .     SeeInvis .   c - +0 spear
rCold    . . .     Faith    .   (no shield)
rNeg     . . .     Spirit   .   b - +0 ring mail
rPois    .         Reflect  .   (no helmet)
rElec    .         Harm     .   (no cloak)
rCorr    .         Rampage  .   (no gloves)
Will     .....                  (no boots)
Stlth    ++........             (no amulet)
HPRegen  0.06/turn              (no ring)
MPRegen  0.09/turn              (no ring)

@: hasted, very quick
A: thin skeletal structure 1
a: no special abilities


You were on level 2 of the Dungeon.
You visited 1 branch of the dungeon, and saw 2 of its levels.

You collected 85 gold pieces.

Inventory:

Hand Weapons
 c - a +0 spear (weapon)
Armour
 b - a +0 ring mail (worn)
Scrolls
 d - 3 scrolls of identify {unknown}
 g - a scroll of blinking {unknown}
 h - a scroll of fog {unknown}
Potions
 e - a potion of brilliance {unknown}
 f - a potion of curing {unknown}


   Skills:
 - Level 2.0 Dodging
 - Level 2.0 Stealth
 - Level 2.0 Spellcasting
 * Level 4.3 Ice Magic


You had 4 spell levels left.
You knew the following spells:

 Your Spells              Type           Power        Failure   Level
a - Freeze                Ice            60%          11%         1

Your spell library contained the following spells:

 Spells                   Type           Power        Failure   Level
 Frozen Ramparts          Ice            30%          32%         3
 Ozocubu's Armour         Ice            15%          32%         3
 Hailstorm                Conj/Ice       8%           95%         4
 Summon Ice Beast         Ice/Summ       8%           95%         4


Dungeon Overview and Level Annotations

Branches:
Dungeon (2/15)

Altars:
Qazlal


Innate Abilities, Weirdness & Mutations

You have a somewhat thin skeletal structure. (Dex +2, Stealth)


Message History

You freeze the goblin.
You kill the goblin!
Found a stone staircase leading down.
You now have 85 gold pieces (gained 14).
Found a spear.
Found a stormy altar of Qazlal.
No target in view!
d - 3 scrolls labelled TUSAECK KIXZUS (gained 1)
You open the door.
Found an escape hatch in the floor.
Found 18 bolts. 2 gnolls come into view.
A gnoll comes into view. It is wielding a +0 spear.
You reach to attack!
The helpless gnoll fails to defend itself.
You hit the gnoll but do no damage. The gnoll closely misses you.
Reach: c) +0 spear
Press: ? - help, Dir - move target, f - gnoll, p - gnoll
Aim: a gnoll, wielding a +0 halberd (asleep, about 2% to evade your +0 spear)
You reach to attack!
The helpless gnoll fails to defend itself.
You hit the gnoll.
The gnoll is moderately wounded.
The gnoll shouts!
The gnoll closely misses you.
The gnoll hits you from afar with a +0 spear.
The gnoll hits you with a +0 halberd!
You are too injured to fight recklessly!
Sorry, you're not good enough to have a special ability.
Casting: Freeze (safe; 11% risk of failure)
Confirm with . or Enter, or press ? or * to list all spells.
Aiming: Freeze (safe; 11% risk of failure)
Press: ? - help, Shift-Dir - straight line, f/p - gnoll
Aim: a gnoll, wielding a +0 halberd You freeze the gnoll!
The gnoll is heavily wounded.
The gnoll hits you with a +0 halberd.
* * * LOW HITPOINT WARNING * * *
It was a potion of haste.
You feel yourself speed up.
The gnoll hits you from afar with a +0 spear.
You die...

......................########.♣#
$.....................#......#...
.....................).........♣.
......≈....................#.#...
...§.§§..g...####........#.#.#.♣#
§§§.≈§§§§....# ##.......#.#.#..#
§≈§§#≈≈§#....# #.......#.#.#..#
§§§#§≈≈§§....#####..#.#.##.#.#..#
.§≈#§§_≈#≈≈..ggg@...#.#.##.#.#..#
§§≈≈§8.≈§.....#####...#....#.#...
§#≈§≈§#§..#.######..##### #.##
#§≈#≈§§≈..........>...... #..
.≈..≈≈§≈≈..###############
.≈....≈....# .......§.# .....)..
.......


You could see 3 gnolls.

Vanquished Creatures
  A dart slug (D:1)
  A leopard gecko (D:1)
  4 bats (D:1)
  2 giant cockroaches
  2 goblins
  2 hobgoblins (D:1)
  4 kobolds (D:1)
  2 frilled lizards (D:1)
  4 rats (D:1)
22 creatures vanquished.

Vanquished Creatures (others)
  A plant (D:2)
1 creature vanquished.

Grand Total: 23 creatures vanquished

Notes
Turn   | Place    | Note
-------+----------+-------------------------------------------
     0 | D:1      | mandarbmax the Demonspawn Ice Elementalist began the quest
                  | for the Orb.
     0 | D:1      | Reached XP level 1. HP: 13/13 MP: 3/3
   352 | D:1      | Gained mutation: You have a somewhat thin skeletal
                  | structure. (Dex +2, Stealth) [demonic ancestry]
   352 | D:1      | Reached XP level 2. HP: 19/19 MP: 1/5
   449 | D:1      | Reached skill level 4 in Ice Magic
  1093 | D:2      | Found a stormy altar of Qazlal.
  1135 | D:2      | Slain by a gnoll

Illustrated notes

Levels and vault maps discovered:
D:1:      lemuel_arrival_broad_hall, layout_basic, serial_bayou_pond_b,
          feat_on_display
D:2:      layout_basic, nicolae_qazlal_general_emergency,
          chequers_ecumenical_altar_island, serial_forest,
          infiniplex_forest_end_3, infiniplex_forest_end_3,
          infiniplex_forest_fountain, infiniplex_forest_lined_2,
          infiniplex_forest_lined_3_way, infiniplex_forest_lined_room_,
          infiniplex_forest_straight_5, infiniplex_forest_straight_5,
          infiniplex_forest_clump_small

Skill      XL: |  1  2 |
---------------+-------+-----
Stealth        | 2 |  2.0
Dodging        | 2 |  2.0
Ice Magic      | 4 |  4.3
Spellcasting   | |  2.0

Action                   || total
-------------------------++-------
Melee: Spear             ||    19
       Unarmed           ||     2
 Cast: Freeze            ||    27
  Use: Potion            ||     1
 Stab: Sleeping          ||     7
Armor: Robe              ||     4
       Ring mail         ||     9
Dodge: Dodged            ||    13

Table legend: (Time is in decaauts)
 A = Elapsed time spent in this place.
 B = Non-inter-level travel time spent in this place.
 C = Inter-level travel time spent in this place.
 D = Time resting spent in this place.
 E = Time spent auto-exploring this place.
 F = Levels seen in this place.
 G = Mean time per level.
                   A        B        C        D        E       F      G
               +--------+--------+--------+--------+--------+-----+--------+
         Total |   1139 |   1106 |     33 |     63 |    842 |   2 |  569.5 |
       Dungeon |   1139 |   1106 |     33 |     63 |    842 |   2 |  569.5 |
               +--------+--------+--------+--------+--------+-----+--------+

Top non-repeatable levels by time:
     D:1: 1015 daAuts
     D:2: 124 daAuts
